 Dungeon Crawl Stone Soup version 0.28.0 (webtiles) character file.

Game seed: 11138198888897804416

160 AmazingTV the Sneak (level 5, -4/27 HPs)
             Began as a Spriggan Brigand on June 24, 2022.
             Slain by a goblin (5 damage)
             ... led by Robin
             ... on level 2 of the Dungeon.
             The game lasted 00:04:59 (2411 turns).

AmazingTV the Sneak (Spriggan Brigand)              Turns: 2411, Time: 00:04:59

Health: -4/27      AC:  3    Str:  7    XL:     5   Next: 17%
Magic:  6/6        EV: 18    Int: 12    God:
Gold:   26         SH:  0    Dex: 19    Spells: 4/4 levels left

rFire   . . .      SeeInvis +   a - +2 dagger
rCold   . . .      Faith    .   (no shield)
rNeg    . . .      Spirit   .   i - +0 robe
rPois   +          Reflect  .   (helmet restricted)
rElec   .          Harm     .   c - +0 cloak
rCorr   .          Rampage  .   (gloves unavailable)
Will    .....                   (boots unavailable)
Stlth   ++++......              (no amulet)
HPRegen 0.09/turn               m - ring of poison resistance
MPRegen 0.10/turn               (no ring)

@: very quick
A: very small, no large weapons, unfitting armour, see invisible, speed 3
a: no special abilities


You were on level 2 of the Dungeon.
You visited 1 branch of the dungeon, and saw 2 of its levels.

You collected 26 gold pieces.

Inventory:

Hand Weapons
 a - a +2 dagger (weapon)
 b - a +0 hunting sling
 k - a +0 whip of venom
Missiles
 d - 8 poisoned darts (quivered)
 e - 2 curare-tipped darts
 l - 65 stones
 q - 21 sling bullets
Armour
 c - a +0 cloak (worn)
 i - a +0 robe (worn)
Jewellery
 m - a ring of poison resistance (left hand)
Scrolls
 g - 3 scrolls of teleportation {unknown}
 h - 2 scrolls of identify {unknown}
 n - a scroll of vulnerability {unknown}
 o - a scroll of fog {unknown}
Potions
 f - a potion of haste {unknown}
 j - a potion of cancellation {unknown}
 p - a potion of curing {unknown}


   Skills:
 + Level 2.3 Fighting
 + Level 3.2 Short Blades
 + Level 1.9(2.7) Slings
 - Level 2.3(2.6) Throwing
 + Level 3.1 Dodging
 + Level 6.8 Stealth


You had 4 spell levels left.
You didn't know any spells.
Your spell library was empty.

Dungeon Overview and Level Annotations

Branches:
Dungeon (2/15)

Altars:

Annotations:
D:2 Robin


Innate Abilities, Weirdness & Mutations

You are very small and have problems with some larger weapons.
You are too small for most types of armour.
You have supernaturally acute eyesight. (SInv)
You cover ground extremely quickly. (Speed+++)


Message History

The goblin closely misses you.
There is an open door here.
You close the door.
Found 21 sling bullets.
q - 21 sling bullets Robin hits you with a +5 club.
The hobgoblin shouts!
You hit Robin.
Robin is lightly wounded.
Robin roars a battlecry!
The goblins go into a battle-frenzy!
You hit Robin.
Robin is moderately wounded.
You hit Robin but do no damage.
Robin is moderately wounded.
Robin says, "My army is invincible!"
Robin throws the goblin at you! The goblin hits you but does no damage.
You barely miss Robin.
Robin is moderately wounded.
Robin hits you with a +5 club.
The goblin hits you with a +1 dagger of flaming.
The goblin burns you.
You hit Robin.
Robin is moderately wounded.
Robin misses you.
You closely miss the goblin. The goblin hits you with a +0 dagger.
* * * LOW HITPOINT WARNING * * *
Robin throws the goblin at you! The goblin barely misses you.
The rat closely misses you.
You barely miss the rat. The goblin barely misses you.
Robin roars a battlecry!
The goblin goes into a battle-frenzy!
The goblin misses you. The rat closely misses you.
The hobgoblin completely misses you.
You hit the rat but do no damage. The goblin barely misses you.
You hit the rat but do no damage. Robin hits you with a +5 club.
* * * LOW HITPOINT WARNING * * *
The goblin misses you. The rat barely misses you. The hobgoblin misses you.
The goblin hits you with a +0 dagger.
You die...

#.# #.. ##
#######################.
........................
......gg##############..
......g@# #.. #........rg#
###.. #.........g# #....
#.(.......g# ###### #....
#..........####....####....
+..)..................+....
#...........##.....####....
......).....##.....# #....
#..g...#.....# #....


You could see Robin, a hobgoblin (strong), 4 goblins and a rat.

Vanquished Creatures
  An ogre (D:2)
  2 adders (D:2)
  An adder skeleton (D:2)
  A worm (D:2)
  2 ball pythons
  5 bats
  4 endoplasms (D:1)
  2 giant cockroaches (D:1)
  9 goblins
  6 hobgoblins
  2 quokkas (D:1)
  4 kobolds
  7 rats
46 creatures vanquished.

Notes
Turn   | Place    | Note
-------+----------+-------------------------------------------
     0 | D:1      | AmazingTV the Spriggan Brigand began the quest for the Orb.
     0 | D:1      | Reached XP level 1. HP: 10/10 MP: 2/2
   151 | D:1      | Reached skill level 6 in Stealth
   161 | D:1      | Reached XP level 2. HP: 15/15 MP: 3/3
  1116 | D:1      | Reached XP level 3. HP: 18/18 MP: 4/4
  1447 | D:1      | Found a faded altar of an unknown god.
  1973 | D:2      | Noticed an ogre
  1975 | D:2      | Killed an ogre
  1976 | D:2      | Reached skill level 1 in Slings
  1976 | D:2      | Reached XP level 4. HP: 23/23 MP: 5/5
  2025 | D:2      | Reached XP level 5. HP: 15/27 MP: 6/6
  2359 | D:2      | Noticed Robin
  2411 | D:2      | HP: 1/27 [Robin (6)]
  2411 | D:2      | Slain by a goblin

Illustrated notes

Levels and vault maps discovered:
D:1:      elethiomel_arrival_diamonds, layout_basic,
          chequers_ecumenical_altar_twisty
D:2:      layout_basic, nrook_mini_backslash, uniq_robin

Skill      XL: |  1  2  3 |
---------------+----------+-----
Stealth        | 6 |  6.8
Dodging        | 2 3 |  3.1
Fighting       | 2 |  2.3
Short Blades   | 3 |  3.2
Slings         | 1 |  1.9
Throwing       | |  2.3

Action                   |  1- 3 |  4- 6 || total
-------------------------+-------+-------++-------
Melee: Dagger            |   114 |    64 ||   178
       Punch             |     1 |     1 ||     2
Throw: Dart              |       |     1 ||     1
 Stab: Sleeping          |    12 |     4 ||    16
Armor: Robe              |     9 |     5 ||    14
Dodge: Dodged            |    53 |    50 ||   103
